[Event "3rd President Cup-A 2024"]
[Site "Tashkent"]
[Date "2024.11.26"]
[Round "6.1"]
[White "Abdusattorov, Nodirbek"]
[Black "Sindarov, Javokhir"]
[Result "1/2-1/2"]
[ECO "D35"]
[WhiteElo "2777"]
[BlackElo "2682"]
[Annotator "TA"]
[PlyCount "69"]
[EventDate "2024.11.22"]
[EventType "swiss"]
[EventCountry "UZB"]
[SourceTitle "playchess.com"]
[Source "ChessBase"]
[SourceQuality "1"]
[TimeControl "5400+30"]

1. c4 e6 2. Nc3 d5 3. d4 Nf6 4. cxd5 exd5 5. Bg5 Be7 6. e3 O-O 7. Bd3 Re8 8. Nf3 h6 9. Bf4 c5 10. O-O {[%emt 0:00:28] White has an edge.} Nc6 11. Nb5 c4 12. Bc2 Nh5 {[%emt 0:01:35] [#] White must now prevent ...Nxf4.} 13. Bc7 Qd7 14. Be5 (14. Ne5 {seems wilder.} Nxe5 15. Bxe5 Qxb5 16. Qxh5 Qxb2 17. Bh7+) 14... Nf6 15. h3 a6 16. Nc3 b5 17. a3 Bb7 18. Bxf6 Bxf6 19. Nh2 $1 Bd8 20. Qh5 b4 21. Bf5 ({Reject} 21. Nxd5 Nxd4 22. Rfd1 (22. exd4 b3 $17) 22... Qxd5 $15 (22... Nxc2 $2 {is the wrong capture.} 23. Nf6+ Bxf6 24. Rxd7 $18)) (21. Qxd5 $2 Qxd5 22. Nxd5 b3 $17) 21... Qd6 22. axb4 Nxb4 23. Ng4 Bc8 24. Bb1 (24. Bxc8 {simplifies} Rxc8 25. f4 Qg6 26. Qxg6 fxg6 27. Rad1) 24... Bxg4 25. hxg4 Rb8 26. Rd1 Bc7 27. Rd2 Re6 28. Qh3 Qd8 29. Bf5 Rd6 30. Rad1 g6 31. Bb1 Kg7 32. e4 dxe4 {[%emt 0:00:00] The position is equal.} 33. Nxe4 {[%emt 0:00:06][%cal Od4d5] d5! would now be deadly.} Rd5 {[%emt 0:00:00] Strongly threatening ...Bf4.} 34. Nc3 {[%emt 0:00:48] [#]} Bf4 $1 35. Nxd5 {[%emt 0:11:11] A balanced but interesting game.   Weighted Error Value: White=0.06 (flawless) /Black=0.04 (flawless) .  Inaccurate:     	White=2     	---        OK:         	White=13    	Black=14     Best:        	White=1     	Black=1      Strong:       	White=1     	---} 1/2-1/2

[Event "3rd President Cup-A 2024"]
[Site "Tashkent"]
[Date "2024.11.26"]
[Round "6.2"]
[White "Atabayev, Saparmyrat"]
[Black "Nihal Sarin"]
[Result "0-1"]
[ECO "B36"]
[WhiteElo "2520"]
[BlackElo "2676"]
[Annotator "TA"]
[PlyCount "92"]
[EventDate "2024.11.22"]
[EventType "swiss"]
[EventCountry "UZB"]
[SourceTitle "playchess.com"]
[Source "ChessBase"]
[SourceQuality "1"]
[TimeControl "5400+30"]

1. e4 c5 2. Nf3 Nc6 3. d4 cxd4 4. Nxd4 g6 5. c4 Nf6 6. Nc3 d6 7. Be2 Nxd4 8. Qxd4 Bg7 9. Be3 O-O 10. Qd2 Bd7 11. f3 Bc6 12. O-O a5 13. Rfd1 Nd7 14. Bf1 Nc5 15. Ne2 {[%emt 0:02:08] White is slightly better.} a4 16. Rab1 Qa5 17. Qc1 Rfc8 18. b4 axb3 19. axb3 {[%emt 0:00:01] [#] b4 is the strong threat.} Qa3 20. Nd4 Qxc1 21. Rdxc1 (21. Bxc1 $11 Bd7 22. g4) 21... Ra3 $17 22. Nxc6 bxc6 23. Rd1 Rb8 (23... Nxb3 $6 24. Rd3 Rb8 25. c5 $11) 24. Bf2 Bc3 (24... Rbxb3 25. Bxc5 Rxb1 (25... dxc5 26. Rxb3 Rxb3 27. Rd8+ Bf8 28. e5 $11) 26. Rxb1 $15) 25. e5 Bxe5 $19 (25... Nxb3 26. exd6 exd6 27. Rxd6 $11) 26. b4 Na4 {[%emt 0:00:33] aiming for ...Nc3. Black is much more active.} 27. Be1 c5 28. b5 {[%emt 0:06:39] White is weak on the dark squares} Bd4+ 29. Kh1 Nb6 $36 {[%emt 0:00:07][%mdl 2048] Keeping White busy.} 30. h4 f5 31. Kh2 Kf7 32. Bd2 e5 33. Bh6 Ke6 34. Bd3 Rba8 35. Rbc1 Rb3 36. Bg5 h5 37. Rb1 (37. Rc2 $142) 37... Rba3 (37... Raa3 38. Rxb3 Rxb3 39. Bd8 $19) 38. g4 $2 (38. Rbc1) 38... hxg4 {[%emt 0:01:40] Black is clearly winning.} (38... fxg4 39. fxg4 hxg4 40. Kh1 $19) 39. fxg4 e4 40. gxf5+ gxf5 41. Bf1 Be5+ 42. Kh1 Rg3 {[%emt 0:01:49] [#] And now ...Rh8 would win.} 43. Be2 Rh3+ 44. Kg1 Rg8 45. Kf2 Rh2+ 46. Ke3 Bd4+ {[%emt 0:00:45] White got outplayed after the opening.   Weighted Error Value: White=0.62/Black=0.09 (flawless) .  Mistake:       	White=4     	---        Inaccurate:     	White=5     	Black=1      OK:         	White=5     	Black=13     Best:        	White=1     	Black=3} (46... Ra8 $142 47. Kd2 Ra2+ (47... Nxc4+ $2 48. Ke1 $19) 48. Ke1 Raxe2+ (48... Rhxe2+ 49. Kf1 Nxc4 50. Bc1 Rg2 51. Rb3 Bd4 52. Rxd4 cxd4 53. h5 Raf2+ 54. Ke1 e3 55. Bxe3 dxe3 56. Rxe3+ Nxe3 57. h6 Rf1#) 49. Kf1 Bd4 (49... Nxc4 {leads to mate.} 50. Rb3 e3 51. Bxe3 Nxe3+ 52. Rxe3 Rxe3 53. b6 Ree2 54. h5 Ref2+ 55. Kg1 Rhg2+ 56. Kh1 Rg4 57. Rxd6+ Kxd6 58. h6 Rh2#) 50. Rd2 Rxd2 51. Bxd2 Rh1+ (51... Rxd2 {gets mated.} 52. Re1 Rf2+ 53. Kg1 Nxc4 54. Rf1 Rf3+ 55. Kh2 Rxf1 56. Kh3 Rf3+ 57. Kh2 Ne3 58. Kh1 Be5 59. h5 Rf1#) 52. Ke2 Rxb1 53. h5 Nxc4 54. Bf4 d5 (54... Rxb5 {is a self mate.} 55. Bc1 Rb1 56. Bf4 Ne5 57. h6 Nf3 58. Bg3 f4 59. Bf2 Bxf2 60. Kxf2 Rb2+ 61. Kf1 e3 62. h7 Rf2#) 55. Bd2 Rb2 (55... Rxb5 56. h6 Rb2 57. h7 f4 58. h8=Q f3+ 59. Kd1 Rxd2+ 60. Kc1 Bxh8 61. Kb1 f2 62. Kc1 f1=Q#) 56. Ke1 Rxd2 (56... Nxd2 57. Kd1 f4 58. h6 f3 59. h7 f2 60. Ke2 f1=Q#) 57. Kf1 Ne5 58. b6 Nf3 59. h6 Rf2#) 0-1

[Event "3rd President Cup-A 2024"]
[Site "Tashkent"]
[Date "2024.11.26"]
[Round "6.3"]
[White "Sankalp Gupta"]
[Black "Karthikeyan, Murali"]
[Result "1-0"]
[ECO "B22"]
[WhiteElo "2539"]
[BlackElo "2625"]
[Annotator "TA"]
[PlyCount "51"]
[EventDate "2024.11.22"]
[EventType "swiss"]
[EventCountry "UZB"]
[SourceTitle "playchess.com"]
[Source "ChessBase"]
[SourceQuality "1"]
[TimeControl "5400+30"]

1. e4 c5 2. c3 d5 3. exd5 Nf6 4. Qa4+ Nbd7 5. c4 b5 6. Qxb5 Rb8 7. Qa4 e6 8. dxe6 {[%emt 0:08:44] White is slightly better.} (8. Qxa7 exd5 9. Be2 Bd6 $15) 8... fxe6 9. Nf3 (9. Qxa7 Bd6 $11) 9... Bd6 10. Be2 (10. Qxa7 Bb7 $11) 10... O-O 11. d3 (11. Qxa7 Bb7 $15) 11... Bb7 12. Nbd2 (12. Qxa7 Bxf3 13. gxf3 (13. Bxf3 Ne5 $14) 13... Ne5 $15) 12... Nh5 13. Ne4 (13. Qxa7 Nf4 14. Ne4 Nxg2+ 15. Kf1 Nf4 (15... Nh4 16. Bg5 $17) 16. Bxf4 (16. Nxd6 $2 Nxe2 17. Bg5 Qc7 $19) 16... Bxf4 $17) 13... Nf4 14. Bxf4 (14. Nxd6 Nxg2+ 15. Kf1 Bxf3 16. Bxf3 (16. Qxa7 $2 Qf6 $19) 16... Rxf3 $17) 14... Bxf4 15. O-O (15. Qxa7 $6 Bxe4 16. dxe4 Ne5 $11) 15... Ne5 16. Rad1 (16. Nxc5 Bxf3 (16... Nxf3+ $2 17. Bxf3 Bxf3 18. Ne4 $19) 17. Qc2 Bxh2+ 18. Kh1 (18. Kxh2 {leads to mate.} Qh4+ 19. Kg1 Ng4 20. Rfe1 Qxf2+ 21. Kh1 Bxg2#) 18... Qh4 19. Rfd1 Bg3+ (19... Qxf2 $2 20. Bxf3 Qxc2 21. Rf1 $19) (19... Bf4+ $2 20. Kg1 Qh2+ 21. Kf1 Qh1#) 20. Kg1 Qh2+ 21. Kf1 Qh1#) (16. Qxa7 $6 Bxe4 17. dxe4 Rxb2 18. Nxe5 Bxe5 19. Qxc5 Qf6 $11) 16... Qc7 17. g3 (17. Qxa7 $2 {too greedy.} Nxf3+ 18. Bxf3 Bxh2+ 19. Kh1 Rxf3 20. Qxc5 (20. gxf3 $2 {perishes.} Bd6 $19) 20... Rf5 21. Qxc7 Bxc7 $19) 17... Bxe4 18. dxe4 Rxb2 $2 {[%emt 0:00:21] A mistake that costs the game.} (18... Rb4 $16 19. Qa3 Nxf3+ 20. Qxf3 Be5) 19. gxf4 $18 Ng6 {[%emt 0:05:11][%cal Oc7f4] [#] Hoping for ...Qxf4!} 20. Rd7 {[%emt 0:06:24] White is clearly winning.} Qxf4 21. Qxa7 Qh6 22. Bd1 Rb1 23. Qxc5 Nf4 24. Kh1 Rxd1 25. Rfxd1 {[%emt 0:00:23] Black must now prevent Rd8.} Qh3 {[%emt 0:00:11] [#]} 26. Qxf8+ $3 {[%emt 0:01:19] Weighted Error Value: White=0.03 (flawless) /Black=0.48.  Loses game:     	---       	Black=1      Inaccurate:     	White=1     	Black=3      OK:         	White=10    	Black=5      Best:        	White=4     	---} 1-0

[Event "3rd President Cup-A 2024"]
[Site "Tashkent"]
[Date "2024.11.26"]
[Round "6.4"]
[White "Bernadskiy, Vitaliy"]
[Black "Neelash Saha"]
[Result "0-1"]
[ECO "C24"]
[WhiteElo "2543"]
[BlackElo "2458"]
[Annotator "TA"]
[PlyCount "104"]
[EventDate "2024.11.22"]
[EventType "swiss"]
[EventCountry "UZB"]
[SourceTitle "playchess.com"]
[Source "ChessBase"]
[SourceQuality "1"]
[TimeControl "5400+30"]

1. e4 e5 2. Bc4 Nf6 3. d3 c6 4. Nf3 d5 5. Bb3 a5 6. a3 Bd6 7. Nc3 a4 8. Ba2 Be6 9. exd5 cxd5 10. Bg5 Ra5 11. O-O Nc6 12. Re1 O-O 13. Bh4 Re8 14. Ng5 Nd4 15. Nxe6 fxe6 16. Bg5 Qc7 17. Bd2 Ra6 18. Be3 Rf8 19. h3 Qf7 20. Nxa4 Nf5 21. c4 Nh5 22. Bg5 h6 23. cxd5 hxg5 24. dxe6 Qe7 25. Qxh5 Rxa4 26. Re4 Rxe4 27. dxe4 Nh6 28. Rd1 Kh7 29. Rd3 Bc5 30. Rd2 {[%emt 0:13:05] [#]} Bd4 $1 31. Rc2 $2 (31. b4) 31... g4 $19 32. hxg4 Rxf2 (32... Qf6 33. g5 Bxf2+ 34. Kh1 $11) 33. Rxf2 Qf6 34. e7 Bxf2+ 35. Kf1 Bc5+ (35... Bg3+ $142 36. Ke2 Qf2+ (36... Qxe7 $2 37. Bd5 $19) 37. Kd1 Qe1+ (37... Qxb2 38. Bg8+ Kh8 39. e8=Q $11) (37... Bf4 $2 38. Qg6+ Kxg6 39. e8=Q+ Kh7 40. Qd8 $19) 38. Kc2 Qe2+ (38... Qxe4+ $2 39. Kb3 $19) 39. Kb3 Qd3+ (39... Qxe4 40. Bb1 $11) 40. Ka4 Qc2+ (40... Qxe4+ 41. Ka5 $11) 41. Ka5 Qc5+ (41... Qxe4 42. e8=Q Be1+ 43. b4 Bxb4+ 44. axb4 b6+ 45. Ka6 Qd3+ 46. Kb7) 42. Ka4 Qc6+ (42... Qxe7 $2 43. Bd5 $19) 43. Kb3 b5 (43... Qxe4 44. Bb1 $11) 44. Qg6+ Kxg6 45. e8=B+ Qxe8) 36. Ke2 $19 Qf2+ (36... Qxe7 37. g5 $11) 37. Kd3 (37. Kd1 $142 Be3 (37... Bxe7 $2 38. Qxe5 Qf1+ 39. Kc2 $19) 38. Qg6+ (38. Bg8+ $2 Kh8) 38... Kxg6 39. e8=Q+ Kh7 40. Qd7) 37... Qd4+ (37... Qe3+ $142 38. Kc4 Qd4+ (38... Bxe7 $2 39. Qe8 $19) 39. Kb3 Qd3+ (39... Bxe7 $2 40. Bb1 $19) 40. Ka4 Qa6+ (40... Bxe7 $2 41. Qxe5 Qc2+ 42. Bb3 $19) (40... Qxe4+ $2 41. Ka5 $19) 41. Kb3 Qd3+ (41... Bxe7 $2 42. Qxe5 Bf6 43. Qc5 $19) 42. Ka4 Qa6+ (42... Bxe7 $2 43. Qxe5 Qa6+ 44. Kb3 $19) (42... Qxe4+ $2 43. Ka5 $19) 43. Kb3 Qd3+ (43... Bxe7 $2 44. Qxe5 Bf6 45. Qd5 $19)) 38. Kc2 $19 Qxe4+ (38... Bxe7 39. Bd5 g6 40. Qh3 $17) 39. Kc3 Bxe7 40. Bc4 Qxg2 41. Kb3 Qf3+ (41... Qxg4 42. Qxe5 Qf3+ 43. Ka2 $19) 42. Ka2 Bf6 ({Weaker is} 42... Qxg4 43. Bd3+ g6 44. Qxe5 $19) 43. Be6 (43. Qh2 $142) 43... g6 $19 44. Qh2 Qc6 45. Bb3 e4 46. Qf4 (46. Qg2 $142) 46... g5 $19 47. Qf2 Kg7 ({Less strong is} 47... Nxg4 48. Qf5+ Kg7 49. Qxg4 $17) 48. Qe2 Qc1 49. Bd5 e3 50. Bf3 Nf7 51. Qb5 Qd2 52. Be2 {[%emt 0:00:48] [#]} b6 (52... Nd6 $142 $1 53. Qb6 Qxe2 54. Qc7+ Nf7 55. Qc1 Bxb2 (55... Qxg4 $2 56. Qxe3 Qd7 57. Kb3 $19) 56. Qxb2+ Qxb2+ 57. Kxb2 e2 58. Kc3 e1=Q+ (58... e1=R 59. Kc4 Rg1 60. Kd4 Rxg4+ 61. Kd3 Ra4 62. Kd2 Rxa3 63. Ke2 g4 64. Kf2 g3+ 65. Ke2 Ne5 66. Kd2 g2 67. Kc2 g1=Q 68. Kb2 Nc4+ 69. Kc2 Qh2+ 70. Kd1 Qd2#) 59. Kc4 Qd2 60. Kc5 Qc3+ 61. Kb6 Qc6+ (61... Qxa3 {is a self mate.} 62. Kb5 Nd6+ 63. Kb6 Qc3 64. Ka7 Qc6 65. Kb8 b6 66. Ka7 Qb7#) 62. Ka7 b5 63. a4 Nd8 64. axb5 Qb7#) 0-1

[Event "3rd President Cup-A 2024"]
[Site "Tashkent"]
[Date "2024.11.26"]
[Round "6.5"]
[White "Tabatabaei, M. Amin"]
[Black "Nigmatov, Ortik"]
[Result "*"]
[ECO "E11"]
[WhiteElo "2686"]
[BlackElo "2447"]
[Annotator "TA"]
[PlyCount "22"]
[EventDate "2024.11.22"]
[EventType "swiss"]
[EventCountry "UZB"]
[SourceTitle "playchess.com"]
[Source "ChessBase"]
[SourceQuality "1"]
[TimeControl "5400+30"]

1. d4 d5 2. c4 e6 3. Nf3 Nf6 4. g3 Bb4+ 5. Bd2 Be7 6. Bg2 O-O 7. O-O c6 8. Qc2 a5 9. Rd1 a4 10. Bf4 Nbd7 11. Nbd2 Nh5 {[%emt 0:01:38] Black got outplayed after the opening.   Weighted Error Value: White=0.21 (precise) /Black=0.17 (very precise) .  Inaccurate:     	White=2     	Black=1      OK:         	White=1     	Black=2} *

[Event "3rd President Cup-A 2024"]
[Site "Tashkent"]
[Date "2024.11.26"]
[Round "6.6"]
[White "Zemlyanskii, Ivan"]
[Black "Maghsoodloo, Parham"]
[Result "0-1"]
[ECO "B90"]
[WhiteElo "2543"]
[BlackElo "2712"]
[Annotator "TA"]
[PlyCount "80"]
[EventDate "2024.11.22"]
[EventType "swiss"]
[EventCountry "UZB"]
[SourceTitle "playchess.com"]
[Source "ChessBase"]
[SourceQuality "1"]
[TimeControl "5400+30"]

1. e4 c5 2. Nf3 d6 3. d4 cxd4 4. Nxd4 Nf6 5. Nc3 a6 6. Be3 e5 7. Nb3 Be6 8. f3 h5 {[%emt 0:01:40] is cutting edge theory.} 9. Nd5 {[%emt 0:00:33] B90: Sicilian Najdorf: Unusual White 6th moves, 6 Be3 Ng4 and 6 Be3 e5.} Bxd5 10. exd5 Nbd7 11. Qd2 g6 12. O-O-O Rc8 13. Kb1 Bg7 14. Rg1 $146 ({Predecessor:} 14. Be2 Qc7 15. Rc1 Kf8 16. c4 b6 17. g4 Nc5 18. g5 Nfd7 19. Na1 Kg8 20. Nc2 {1-0 Aronian,L (2759)-Sevian,S (2684) Chess.com Rapid CGC KO 2022 (3.3)}) 14... e4 15. Qb4 Qc7 16. c4 b6 17. Nd4 O-O 18. Nc6 Rfe8 19. Bd4 e3 (19... Ne5 $11) 20. Re1 (20. Bd3 $14) 20... b5 21. Rxe3 (21. Bxe3 Ne5 22. Qd2 (22. cxb5 $2 Nxd5 23. Qb3 Nxe3 $19) 22... Nxc4 (22... bxc4 23. Nxe5 c3 24. Qxc3 $17) 23. Bxc4 bxc4 $17) 21... Rxe3 22. Bxe3 Nb6 23. Qb3 Re8 (23... Nxc4 $11 {remains equal.} 24. Bxc4 bxc4 25. Qxc4 Nxd5 26. Qxd5 Qb7 (26... Qxc6 27. Qxc6 Rxc6 28. Rc1 $14)) 24. cxb5 $16 a5 25. a4 (25. Nxa5 $2 Bh6 26. Bd3 (26. Bxh6 $2 Re1+) 26... Rxe3 $19 (26... Bxe3 27. Re1 $17)) 25... Nfd7 26. Bd2 (26. Nxa5 $2 Nc5 27. Qa3 (27. Bxc5 $2 Re1+ 28. Ka2 Qxc5 $19) 27... Ncxa4 $19 (27... Nbxa4 28. Nc4 $17)) 26... Nc5 27. Qc2 Nbxa4 28. Bxa5 (28. g4 $1 $16 h4 29. Rg2 (29. Bxa5 Qb7 $11)) 28... Qd7 $15 29. b6 (29. b3 Re3 30. Bc4 (30. bxa4 $2 Ra3 $19) 30... Nc3+ 31. Kc1 (31. Bxc3 $2 Rxc3 32. Qd2 Qf5+ 33. Ka2 Rc2+ 34. Ka3 Bb2+ 35. Kb4 Rxd2 $19) 31... Qe8 $19 (31... Nxb5 32. Bxb5 Nxb3+ 33. Kd1 $19)) (29. Bc4 $1 $15 Nxb2 30. h4 Nxc4 31. Qxc4 Qf5+ 32. Qc2 (32. Ka2 $2 Re2+ 33. Ka3 Bb2+ 34. Kb4 Kh7 $19)) 29... Re3 (29... Nxb2 $17 {...Nba4 is the strong threat.} 30. Bb5 Qb7) 30. Bc4 $2 (30. Bb5 $15 Rb3 31. Bxa4 Rxb2+ 32. Qxb2 Bxb2 33. Bb5) 30... Nxb2 (30... Bxb2 $19 {and Black stays clearly on top. ...Ra3 would now be deadly.} 31. Qf2 Ra3) 31. Ka2 $17 {[%emt 0:00:34] [#]} Qb7 $1 32. Rb1 $2 {[%emt 0:00:28] [#]} (32. Bb5 $17 Re8 (32... Rb3 $2 33. Qxb3 Nxb3 34. Kxb3 $18) 33. Rc1) 32... Nba4 $1 $19 33. Re1 $2 (33. Bb5 Nc3+ (33... Nxb6 34. Bf1 $15) 34. Bxc3 Rxc3 35. Qd1) 33... Nc3+ $19 34. Bxc3 Rxc3 35. Re8+ Kh7 36. Qe2 Qxb6 (36... Rc1 $142 37. Ka3 Qxb6) 37. Rb8 Rc1 38. Ka3 Ra1+ 39. Ba2 Bb2+ 40. Qxb2 Qa6+ 0-1

[Event "3rd President Cup-A 2024"]
[Site "Tashkent"]
[Date "2024.11.26"]
[Round "6.7"]
[White "Madaminov, Mukhiddin"]
[Black "Vokhidov, Shamsiddin"]
[Result "0-1"]
[ECO "A28"]
[WhiteElo "2501"]
[BlackElo "2681"]
[Annotator "TA"]
[PlyCount "82"]
[EventDate "2024.11.22"]
[EventType "swiss"]
[EventCountry "UZB"]
[SourceTitle "playchess.com"]
[Source "ChessBase"]
[SourceQuality "1"]
[TimeControl "5400+30"]

1. c4 Nf6 2. Nc3 e5 3. Nf3 Nc6 4. e4 Bb4 5. d3 d6 6. Be2 {[%emt 0:00:05] A28: English Opening: Four Knights Variation.} a5 7. O-O Bc5 8. Nd2 Nd4 9. Nb3 Nxb3 10. axb3 O-O 11. Kh1 c6 $146 ({Predecessor:} 11... h6 12. f4 c6 13. f5 d5 14. Qe1 dxe4 15. dxe4 Bd4 16. Bf3 Nh7 17. Ne2 Bc5 {0-1 Adla,D (2383)-Svane,R (2623) Titled Tuesday intern op 30th May Late blitz 2023 (2)}) 12. f4 Bd7 13. Na4 Bb4 14. Be3 Re8 15. Nc3 b5 16. Na2 Bc5 17. fxe5 Bxe3 18. exf6 g6 (18... gxf6 $6 19. cxb5 cxb5 20. Bg4 $16) 19. Bg4 (19. cxb5 $11 cxb5 20. Nc3) 19... Bxg4 $17 20. Qxg4 bxc4 21. bxc4 Re6 22. Nc3 Bd4 23. e5 Bxe5 (23... Bxc3 {simplifies} 24. bxc3 dxe5 25. Qf3 a4) 24. Ne4 (24. d4 $17 {was necessary.} Bxf6 25. Qf3) 24... d5 ({And not} 24... Bxf6 25. Qf3 Kg7 (25... Bxb2 $2 {loses.} 26. Qxf7+ Kh8 27. Qxe6 $18) 26. Nxf6 Rxf6 (26... Qxf6 27. Qxc6 Qd8 28. b4 $14) 27. Qxc6 $11) 25. cxd5 cxd5 26. Nc5 Rxf6 27. d4 (27. Qe2 {was worth a try.} Bxh2 28. Rxf6 Qxf6 29. Kxh2 Qd6+ 30. Kh1 Qxc5 31. Qe5) 27... h5 $19 28. Qe2 Bxd4 29. Nd3 Rxf1+ 30. Rxf1 Qd7 31. Nf4 Re8 32. Qd2 Qb5 33. Rb1 Re4 34. g3 a4 35. Qd3 Qc4 36. Qd1 Kg7 37. Qf3 Bxb2 38. Rf1 Rxf4 39. gxf4 a3 40. Qg2 Qxf1+ 41. Qxf1 a2 0-1

[Event "3rd President Cup-A 2024"]
[Site "Tashkent"]
[Date "2024.11.26"]
[Round "6.8"]
[White "Yakubboev, Nodirbek"]
[Black "Nikitenko, Mihail"]
[Result "1-0"]
[ECO "D37"]
[WhiteElo "2668"]
[BlackElo "2490"]
[Annotator "RC"]
[PlyCount "137"]
[EventDate "2024.11.22"]
[EventType "swiss"]
[EventCountry "UZB"]
[SourceTitle "playchess.com"]
[Source "ChessBase"]
[SourceQuality "1"]
[TimeControl "5400+30"]

1. d4 d5 2. c4 e6 3. Nf3 Nf6 4. Nc3 a6 5. c5 b6 6. cxb6 cxb6 7. Bf4 Bd6 8. e3 O-O 9. Bd3 Bb7 10. Rc1 Nc6 11. Bg5 h6 12. Bh4 Be7 13. O-O Nd7 14. Bxe7 Qxe7 15. Ne2 Qd6 16. Rc3 Rfc8 17. Bb1 Nf6 18. Nf4 a5 19. Qb3 Ne4 20. Rcc1 Qb4 21. Qxb4 axb4 22. Rfd1 Nd6 23. Ne5 Na5 24. Nd7 Rxc1 25. Rxc1 Bc6 26. Ne5 Bb5 27. b3 Be8 28. Bd3 Ra7 29. h4 f6 30. Neg6 Kf7 31. Be2 Bd7 32. Bh5 Kg8 33. Bg4 Kf7 34. Bh5 Kg8 35. Nd3 Nc6 36. Ngf4 g5 37. hxg5 hxg5 38. Nxe6 Ne4 39. f4 Nc3 40. f5 Nxa2 41. Rc2 Ne7 42. Rf2 Nc3 43. g4 Ne4 44. Rc2 Ng3 45. Rc7 Rxc7 46. Nxc7 Nxh5 47. gxh5 Bxf5 48. Nxb4 Be4 49. Na8 Nf5 50. Nxb6 Nxe3 51. Nd7 Kf7 52. Nc5 Nf5 53. Nc6 Nd6 54. b4 Bf3 55. h6 Kg6 56. Kf2 g4 57. Na7 f5 58. b5 f4 59. Nd3 Kxh6 60. Nxf4 Kg5 61. Nd3 Be4 62. Nc5 Nc4 63. Kg3 Bf5 64. Na4 Nd6 65. b6 Be4 66. Nc5 Bf3 67. Nb5 Nf5+ 68. Kf2 Ne7 69. Na7 1-0

[Event "3rd President Cup-A 2024"]
[Site "Tashkent"]
[Date "2024.11.26"]
[Round "6.9"]
[White "Urazayev, Arystanbek"]
[Black "Puranik, Abhimanyu"]
[Result "0-1"]
[ECO "C07"]
[WhiteElo "2480"]
[BlackElo "2652"]
[Annotator "TA"]
[PlyCount "78"]
[EventDate "2024.11.22"]
[EventType "swiss"]
[EventCountry "UZB"]
[SourceTitle "playchess.com"]
[Source "ChessBase"]
[SourceQuality "1"]
[TimeControl "5400+30"]

1. e4 e6 2. d4 d5 3. Nd2 c5 4. Ngf3 cxd4 5. exd5 Qxd5 6. Bc4 Qd7 7. O-O Nc6 8. Nb3 a6 {[%emt 0:00:46] The position is equal.} 9. Nbxd4 Nxd4 10. Nxd4 Qc7 11. Bd3 Nf6 12. Re1 Bd6 13. h3 Bh2+ 14. Kh1 {[%emt 0:00:30] Threatens to win with g3.} Bf4 15. Qf3 Bxc1 16. Raxc1 O-O 17. c3 b6 18. Qe2 (18. Qxa8 {is more complex.} Bb7 19. Qxf8+ Kxf8 20. Rcd1) 18... Rd8 19. Nf3 Bb7 20. Ne5 Rd5 21. Rcd1 Rad8 22. Bc2 h6 23. Rxd5 Rxd5 24. Qe3 b5 25. Kg1 Rd8 26. Re2 g5 {[%emt 0:07:05] [#] And now ...Nd5 would win.} 27. Ng4 Nxg4 28. hxg4 Qc4 29. f3 $1 Qxa2 30. Qe5 $1 {[%emt 0:03:54] Against Qd5. Qf6 is the strong threat.} Qd5 (30... Qxb2 $2 31. Bh7+ Kxh7 32. Rxb2 $18) 31. Qf6 Qc5+ 32. Kh1 (32. Kf1 $5 Qf8 $8 33. f4 gxf4 34. g5 $11) 32... Qf8 33. f4 gxf4 34. g5 (34. Qxf4 $15 Rd5 35. Rd2) 34... Rd5 $17 35. Rxe6 (35. g6 $17) 35... Rxg5 $19 {[%emt 0:01:54] Strongly threatening ...Rh5+.} ({Stronger than} 35... fxe6 36. Qg6+ (36. Bh7+ Kxh7 37. Qxf8 Rxg5 $11) 36... Qg7 37. Qe8+ Qf8 38. Qg6+ (38. Qxe6+ $2 Qf7 $19) (38. Bh7+ Kxh7 39. Qxf8 Rxg5 $11) 38... Qg7 39. Qe8+ Qf8 40. Qg6+ $11 (40. Qxe6+ $2 Qf7 $19) (40. Bh7+ Kxh7 41. Qxf8 Rxg5 $11)) 36. Re7 $2 (36. Re2) 36... Bxg2+ 37. Kh2 Bd5 {[%emt 0:00:07] ( -> ...Qc8)} 38. Bd1 {[%emt 0:01:49] [#]} (38. Re5 $19 Rg2+ 39. Kh3 Rxc2 40. Rxd5 Qc8+ (40... Rxb2 $2 {is the wrong capture.} 41. Rd8 $18) 41. Qf5 Qxf5+ 42. Rxf5) 38... Rg2+ 39. Kh3 Qc8+ {[%emt 0:00:08] Weighted Error Value: White=0.50/Black=0.02 (flawless) .  Mistake:       	White=4     	---        Inaccurate:     	White=1     	Black=1      OK:         	White=15    	Black=13     Best:        	White=1     	Black=5      Strong:       	White=2     	---} 0-1

[Event "3rd President Cup-A 2024"]
[Site "Tashkent"]
[Date "2024.11.26"]
[Round "6.9"]
[White "Urazayev, Arystanbek"]
[Black "Puranik, Abhimanyu"]
[Result "*"]
[ECO "C07"]
[WhiteElo "2480"]
[BlackElo "2652"]
[Annotator "RC"]
[PlyCount "28"]
[EventDate "2024.11.22"]
[EventType "swiss"]
[EventCountry "UZB"]
[SourceTitle "playchess.com"]
[Source "ChessBase"]
[SourceQuality "1"]
[TimeControl "5400+30"]

1. e4 e6 2. d4 d5 3. Nd2 c5 4. Ngf3 cxd4 5. exd5 Qxd5 6. Bc4 Qd7 7. O-O Nc6 8. Nb3 a6 9. Nbxd4 Nxd4 10. Nxd4 Qc7 11. Bd3 Nf6 12. Re1 Bd6 13. Kh1 Bxh2 14. Qf3 Bf4 *

[Event "3rd President Cup-A 2024"]
[Site "Tashkent"]
[Date "2024.11.26"]
[Round "6.10"]
[White "Mamedov, Edgar"]
[Black "Pranesh M"]
[Result "1/2-1/2"]
[ECO "E46"]
[WhiteElo "2448"]
[BlackElo "2580"]
[Annotator "TA"]
[PlyCount "99"]
[EventDate "2024.11.22"]
[EventType "swiss"]
[EventCountry "UZB"]
[SourceTitle "playchess.com"]
[Source "ChessBase"]
[SourceQuality "1"]
[TimeControl "5400+30"]

1. d4 Nf6 2. c4 e6 3. Nc3 Bb4 4. e3 O-O 5. Nge2 d5 6. a3 Bd6 7. c5 Be7 8. b4 c6 9. Ng3 Nbd7 10. f4 Ne8 11. Bd3 f5 12. O-O b6 13. Bd2 Nc7 14. Qe2 a5 15. Rfc1 a4 16. cxb6 Nxb6 17. Nd1 Qd7 18. Nb2 Nb5 19. Be1 Ba6 20. Nf1 Qb7 21. Nd2 Nd6 22. Bxa6 Rxa6 23. Rc2 Raa8 24. Rac1 Rfc8 25. Qd3 Rc7 26. Nf3 Rac8 27. Ra1 Ra8 28. Rac1 Rac8 29. Nd2 Nb5 30. h3 Nd6 31. Nf3 Bf6 32. Nd2 Be7 33. Ra1 Ra8 34. Qe2 Rac8 35. Nf3 Bf6 36. Nd2 Be7 37. Kh1 Ra8 38. Rac1 Qc8 39. Qd3 Qe8 {[%emt 0:00:44] The position is equal.} 40. Kg1 Rac8 41. Nf3 Bf6 42. Bf2 Nb5 43. Ra1 Nd6 44. Nd2 h6 45. Qe2 Ra8 46. Nd3 Be7 47. Ne5 Bf6 48. Nd3 Be7 49. Nc5 Qc8 50. Nd3 {[%emt 0:01:34] Weighted Error Value: White=0.10 (very precise) /Black=0.06 (flawless) .  Inaccurate:     	White=4     	Black=5      OK:         	White=11    	Black=16} 1/2-1/2